 Dungeon Crawl Stone Soup version 0.29.0-11-gd7f09526c8 (webtiles) character file.

Game seed: 12569441216785443204

32 Anothat the Shield-Bearer (level 2, -2/25 HPs)
             Began as a Demigod Fighter on Sept 4, 2022.
             Succumbed to a kobold's poison
             ... on level 2 of the Dungeon.
             The game lasted 00:01:46 (1444 turns).

Anothat the Shield-Bearer (Demigod Fighter)         Turns: 1444, Time: 00:01:46

Health: -2/25      AC:  7    Str: 14 (17) XL:     2   Next: 93%
Magic:  4/4        EV:  8    Int:  8 (10) God:
Gold:   74         SH:  4    Dex: 10 (13) Spells: 1/1 levels left

rFire   . . .      SeeInvis .   a - +0 long sword
rCold   . . .      Faith    .   c - +0 buckler
rNeg    . . .      Spirit   .   b - +0 scale mail
rPois   .          Reflect  .   j - +0 helmet
rElec   .          Harm     .   (no cloak)
rCorr   .          Rampage  .   (no gloves)
Will    .....                   (no boots)
Stlth   ..........              (no amulet)
HPRegen 0.08/turn               (no ring)
MPRegen 0.09/turn               (no ring)

@: brilliant, lethally poisoned (-2 -> -13)
A: high MP 1, forlorn, divine attributes
a: no special abilities


You were on level 2 of the Dungeon.
You visited 1 branch of the dungeon, and saw 2 of its levels.

You collected 74 gold pieces.

Inventory:

Hand Weapons
 a - a +0 long sword (weapon)
Armour
 b - a +0 scale mail (worn)
 c - a +0 buckler (worn)
 j - a +0 helmet (worn)
Scrolls
 e - a scroll of identify {unknown}
 f - 2 scrolls of teleportation
 g - a scroll of magic mapping
 i - a scroll of fog {unknown}
 k - a scroll of poison {unknown}
 m - a scroll of amnesia {unknown}
Potions
 d - a potion of might
 h - a potion of brilliance


   Skills:
 - Level 2.6 Fighting
 + Level 2.6 Long Blades
 - Level 2.6 Armour
 + Level 3.3 Shields


You had one spell level left.
You didn't know any spells.
Your spell library was empty.

Dungeon Overview and Level Annotations

Branches:
Dungeon (2/15)


Innate Abilities, Weirdness & Mutations

You have an increased reservoir of magic. (+10% MP)
You shall have no god before yourself.
Your divine heritage dramatically boosts your attributes as you level up.


Message History

You hit the kobold but do no damage.
You feel sick. The kobold hits you but does no damage.
You are more poisoned.
You closely miss the kobold.
You feel very sick. The kobold hits you but does no damage.
You are lethally poisoned!
You block the kobold's attack.
You hit the kobold.
The kobold is severely wounded.
You feel very sick.
The kobold hits you with a +1 dagger of venom.
You are too injured to fight recklessly!
You are too injured to fight recklessly!
You are too injured to fight recklessly!
You closely miss the kobold.
The kobold is severely wounded.
You feel very sick. The kobold hits you but does no damage.
You barely miss the kobold.
The kobold is severely wounded.
* * * LOW HITPOINT WARNING * * *
You feel very sick. The kobold hits you but does no damage.
It was a potion of brilliance.
You feel clever all of a sudden.
* * * LOW HITPOINT WARNING * * *
You feel sick. The kobold hits you but does no damage.
You are more poisoned.
It was a potion of degeneration.
There was something very wrong with that liquid.
You feel weakened.
You feel dopey.
You feel clumsy.
* * * LOW HITPOINT WARNING * * *
You feel very sick. The kobold closely misses you.
You aren't carrying any items that you can evoke.
Okay, then.
You hit the kobold but do no damage.
The kobold is severely wounded.
You die...

#.# #......... #.#
##.._........# #.#
#...###......#
#.####..####.......
#.#.....##.....)...
###.#.#.####.#.......
####.......# #.......
........#### ##..K.♣~♣~♣
.....#..# #..@.~P~P~~
....##.#######..#~~P~~~~
##..............♣~PP~~~~
#.#.#....##...##P~~~~≈≈
#.#.##.........P~~~≈≈
....###..######♣~~≈≈≈
...#........# ♣♣♣≈≈
.####........# ~~ ..
..........#


You could see a kobold.

Vanquished Creatures
  3 endoplasms
  3 goblins
  6 hobgoblins
  2 quokkas (D:2)
  3 ball pythons
  4 bats (D:1)
  2 frilled lizards
  3 kobolds (D:1)
  3 rats
29 creatures vanquished.

Notes
Turn   | Place    | Note
-------+----------+-------------------------------------------
     0 | D:1      | Anothat the Demigod Fighter began the quest for the Orb.
     0 | D:1      | Reached XP level 1. HP: 18/18 MP: 3/3
   480 | D:1      | Reached skill level 3 in Shields
   517 | D:1      | Reached XP level 2. HP: 20/25 MP: 4/4
  1443 | D:2      | HP: 1/25 [poisoned by a kobold]
  1444 | D:2      | Succumbed to a kobold's poison

Illustrated notes

Levels and vault maps discovered:
D:1:      dpeg_arrival_pits, layout_rooms
D:2:      layout_rooms, basic_ecumenical_altar, serial_bayou_lagoon_b,
          uniq_natasha

Skill      XL: |  1 |
---------------+----+-----
Long Blades    | 2 |  2.6
Shields        | 3 |  3.3
Fighting       | |  2.6
Armour         | |  2.6

Action                   || total
-------------------------++-------
Melee: Long sword        ||   105
  Use: Scroll            ||     2
       Potion            ||     2
Armor: Scale mail        ||    69
Dodge: Dodged            ||    39
Block: Buckler           ||    20
